 Dungeon Crawl Stone Soup version 0.25-a0-482-g9b3b753f3f (webtiles) character file.

Game seed: 18155429912782425893, levelgen mode: deterministic

1500 ReteAZ the Thaumaturge (level 8, -5/58 HPs)
             Began as a Gnoll Wanderer on Feb 10, 2020.
             Was a Follower of Cheibriados.
             Slain by a slime creature (10 damage)
             ... on level 6 of the Dungeon.
             The game lasted 00:11:24 (7000 turns).

ReteAZ the Thaumaturge (Gnoll Wanderer)             Turns: 7000, Time: 00:11:25

Health: -5/58      AC:  8    Str: 17      XL:     8   Next: 81%
Magic:  27/29      EV: 14    Int: 16 (17) God:    Cheibriados [*.....]
Gold:   207        SH:  5    Dex: 17 (18) Spells: 19/23 levels left

rFire    . . .     SeeInvis .   n - +0 short sword (venom)
rCold    + . .     Gourm    .   v - +0 buckler
rNeg     . . .     Faith    .   j - +0 steam dragon scales
rPois    .         Spirit   .   q - +0 helmet
rElec    .         Reflect  .   (no cloak)
rCorr    .         Harm     .   (no gloves)
MR       .....                  x - +0 pair of boots
Stlth    +++.......             (no amulet)
HPRegen  0.19/turn              p - ring of protection from cold
MPRegen  0.21/turn              l - ring of magical power

@: very slow
A: distributed training, fangs 1, strong nose
a: Bend Time, Renounce Religion


You were on level 6 of the Dungeon.
You worshipped Cheibriados.
Cheibriados was aware of your devotion.
You were not hungry.

You visited 2 branches of the dungeon, and saw 7 of its levels.

You collected 405 gold pieces.
You spent 198 gold pieces at shops.

Inventory:

Hand Weapons
 a - a +0 dagger
 n - a +0 short sword of venom (weapon)
 L - a +4 dire flail of holy wrath
Missiles
 w - 14 poisoned darts (quivered)
 y - 89 stones
Armour
 d - a +0 robe
 g - a +0 ring mail
 j - +0 steam dragon scales (worn)
 q - a +0 helmet (worn)
 v - a +0 buckler (worn)
 x - a +0 pair of boots (worn)
Jewellery
 k - an uncursed ring of see invisible
 l - a ring of magical power (right hand)
 p - a ring of protection from cold (left hand)
 M - an uncursed ring of flight
Wands
 G - a wand of polymorph (7)
 I - a wand of acid (5)
 K - a wand of scattershot (3)
 O - a wand of paralysis (13)
Scrolls
 c - 6 scrolls of identify {unknown}
 h - 2 scrolls of magic mapping {unknown}
 i - 2 scrolls of enchant weapon {unknown}
 o - 2 scrolls of fear {unknown}
 s - 2 scrolls of enchant armour {unknown}
 u - 3 scrolls of random uselessness {unknown}
 A - 3 scrolls of teleportation
 B - 2 scrolls of amnesia {unknown}
 E - 2 scrolls of remove curse {unknown}
 F - 2 scrolls of noise {unknown}
 H - 3 scrolls of immolation {unknown}
 N - a scroll of fog {unknown}
Potions
 b - a potion of haste
 e - 2 potions of curing
 m - 2 potions of degeneration
 r - a potion of cancellation
 t - 2 potions of brilliance
 z - a potion of ambrosia
 C - a potion of lignification {unknown}
 D - a potion of agility {unknown}
 J - 2 potions of heal wounds {unknown}
Comestibles
 f - 9 rations
 P - a chunk of flesh


   Skills:
 + Level 3.5 Fighting
 + Level 3.5 Short Blades
 + Level 3.5 Long Blades
 + Level 3.5 Axes
 + Level 3.5 Maces & Flails
 + Level 3.5 Polearms
 + Level 3.5 Staves
 + Level 3.5 Slings
 + Level 3.5 Bows
 + Level 3.5 Crossbows
 + Level 4.4 Throwing
 + Level 3.5 Armour
 + Level 3.5 Dodging
 + Level 3.5 Stealth
 + Level 3.5 Shields
 + Level 3.5 Unarmed Combat
 + Level 8.0 Spellcasting
 + Level 2.9 Conjurations
 + Level 2.9 Hexes
 + Level 2.9 Charms
 + Level 2.9 Summonings
 + Level 3.6 Necromancy
 + Level 2.9 Translocations
 + Level 3.6 Transmutations
 + Level 2.9 Fire Magic
 + Level 2.9 Ice Magic
 + Level 2.9 Air Magic
 + Level 6.2 Earth Magic
 + Level 2.9 Poison Magic
 + Level 3.9 Invocations
 + Level 4.4 Evocations


You had 19 spell levels left.
You knew the following spells:

 Your Spells              Type           Power        Failure   Level  Hunger
a - Sandblast             Erth           ####..       1%          1    None
b - Stone Arrow           Conj/Erth      ###...       5%          3    ##.....

Your spell library contained the following spells:

 Spells                   Type           Power        Failure   Level  Hunger
 Passwall                 Tmut/Erth      ###.....     2%          2    None
 Corona                   Hex            ###....      3%          1    None
 Ensorcelled Hibernation  Hex/Ice        ###...       5%          2    None
 Confusing Touch          Hex            ###.....     11%         3    ##.....
 Dazzling Flash           Conj/Hex       ###...       11%         3    ##.....
 Tukima's Dance           Hex            ###.....     11%         3    ##.....
 Petrify                  Tmut/Erth      ###.....     16%         4    ####...
 Lee's Rapid Deconstruct  Erth           ####......   24%         5    #####..


Dungeon Overview and Level Annotations

Branches:
Dungeon (6/15)             Temple (1/1) D:6

Altars:
Ashenzari
Cheibriados
Dithmenos
Elyvilon
Fedhas
Gozag
Hepliaklqana
Kikubaaqudgha
Makhleb
Nemelex Xobeh
Okawaru
Qazlal
Ru
Sif Muna
Trog
Uskayaw
Vehumet
Wu Jian
Xom
Yredelemnul
Zin

Shops:
D:5 }


Innate Abilities, Weirdness & Mutations

Your experience applies equally to all skills.
You have very sharp teeth.
Your uncanny sense of smell can sniff out nearby items.


Message History

* * * LOW HITPOINT WARNING * * *
Casting: Sandblast (safe; 1% risk of failure)
Confirm with . or Enter, or press ? or * to list all spells.
Aiming: Sandblast (safe; 1% risk of failure)
Press: ? - help, Shift-Dir - straight line, f - slime creature
Aim: a slime creature (moderately wounded)
The blast of sand hits the slime creature!!
The slime creature is severely wounded.
y - 90 stones The slime creature closely misses you.
Casting: Sandblast (safe; 1% risk of failure)
Confirm with . or Enter, or press ? or * to list all spells.
Aiming: Sandblast (safe; 1% risk of failure)
Press: ? - help, Shift-Dir - straight line, f/p - slime creature
Aim: a slime creature (severely wounded)
The blast of sand hits the slime creature!
The slime creature is almost dead.
y - 89 stones The slime creature hits you!
You die...

J..###....#
#.......>....##..
###.##....#
#####..#.#...##..
'JJ###....#####
#.#...#.###.. ####
#........# #.......# #..
...###......).####
#.#####.###..
...##...........J#
#.#####..##..
...##.###.....##J#
#....###.##..
...##.#.'..J..##J#
##...# #..#..
..###.#.#.....##@# #...#
##.#.. .##
#...#.....##.# #...#
#.#.. '## #.###.....##.#
#...## #.... ..#
#..........#.# #....#
##... #####J####...).#.#
##...# #.>. [J)J..#
#...รท.#.# #...# #...
#######
#.....#.######...####...
######................>.
##################.


You could see a slime creature and 2 jellies.

Vanquished Creatures
  Edmund (D:5)
  3 ice beasts
  A sky beast (D:6)
  A phantom (D:4)
  3 ogres
  A scorpion (D:6)
  A howler monkey (D:5)
  A quasit (D:6)
  4 hounds
  A jelly (D:6)
  A bullfrog skeleton (D:6)
  An iguana (D:5)
  Terence (D:3)
  Natasha (twice) (D:2)
  4 worker ants
  A worker ant zombie (D:6)
  Robin (D:2)
  5 adders
  A shadow imp (D:6)
  An ooze (D:6)
  2 worms
  2 dart slugs
  6 leopard geckos
  13 orcs
  12 goblins
  7 hobgoblins
  16 kobolds
  3 quokkas
  A ball python (D:6)
  10 bats
  2 frilled lizards
  3 quokka skeletons
  6 rats
118 creatures vanquished.

Vanquished Creatures (others)
  9 toadstools (D:6)
9 creatures vanquished.

Grand Total: 127 creatures vanquished

Notes
Turn   | Place    | Note
-------+----------+-------------------------------------------
     0 | D:1      | ReteAZ the Gnoll Wanderer began the quest for the Orb.
     0 | D:1      | ReteAZ set off with the following items: a +0 dagger, a
                  | scroll of teleportation, a +0 robe, a ration; and the
                  | following spell memorised: Sandblast; and the following
                  | spells available to memorise: Passwall, Stone Arrow,
                  | Petrify, Lee's Rapid Deconstruction
     0 | D:1      | Reached XP level 1. HP: 13/13 MP: 8/8
   596 | D:1      | You fall into a shaft and drop 1 floor!
   656 | D:2      | Reached XP level 2. HP: 19/19 MP: 10/10
  1233 | D:2      | Noticed Robin
  1624 | D:1      | Reached XP level 3. HP: 24/25 MP: 11/11
  2255 | D:2      | Reached skill level 1 in Invocations
  2473 | D:2      | Killed Robin
  2738 | D:2      | Reached skill level 1 in Fighting
  2738 | D:2      | Reached skill level 1 in Short Blades
  2738 | D:2      | Reached skill level 1 in Long Blades
  2738 | D:2      | Reached skill level 1 in Axes
  2738 | D:2      | Reached skill level 1 in Maces & Flails
  2738 | D:2      | Reached skill level 1 in Polearms
  2738 | D:2      | Reached skill level 1 in Staves
  2738 | D:2      | Reached skill level 1 in Slings
  2738 | D:2      | Reached skill level 1 in Bows
  2738 | D:2      | Reached skill level 1 in Crossbows
  2738 | D:2      | Reached skill level 1 in Armour
  2738 | D:2      | Reached skill level 1 in Dodging
  2738 | D:2      | Reached skill level 1 in Stealth
  2738 | D:2      | Reached skill level 1 in Shields
  2738 | D:2      | Reached skill level 1 in Unarmed Combat
  2740 | D:2      | Reached XP level 4. HP: 31/32 MP: 13/13
  2854 | D:2      | Found a shadowy altar of Dithmenos.
  2854 | D:2      | Noticed Natasha
  2864 | D:2      | Killed Natasha
  3011 | D:2      | Noticed Natasha
  3033 | D:2      | Killed Natasha
  3033 | D:2      | Reached skill level 1 in Conjurations
  3033 | D:2      | Reached skill level 1 in Hexes
  3033 | D:2      | Reached skill level 1 in Charms
  3033 | D:2      | Reached skill level 1 in Summonings
  3033 | D:2      | Reached skill level 1 in Translocations
  3033 | D:2      | Reached skill level 1 in Fire Magic
  3033 | D:2      | Reached skill level 1 in Ice Magic
  3033 | D:2      | Reached skill level 1 in Air Magic
  3033 | D:2      | Reached skill level 1 in Poison Magic
  3397 | D:3      | Noticed Terence
  3416 | D:3      | Killed Terence
  3416 | D:3      | Reached XP level 5. HP: 14/37 MP: 14/14
  3991 | D:3      | Learned a level 3 spell: Stone Arrow
  4235 | D:4      | Noticed a phantom
  4244 | D:4      | Killed a phantom
  4244 | D:4      | Reached XP level 6. HP: 23/44 MP: 7/16
  5074 | D:5      | Entered Level 5 of the Dungeon
  5074 | D:5      | Found Xilieqown's Gadget Shoppe.
  5079 | D:5      | Bought a wand of acid (5) for 198 gold pieces
  5118 | D:5      | Reached XP level 7. HP: 50/50 MP: 18/18
  5163 | D:5      | Noticed Edmund
  5183 | D:5      | Killed Edmund
  5427 | D:5      | Reached XP level 8. HP: 39/57 MP: 19/19
  5963 | D:6      | Found a staircase to the Ecumenical Temple.
  5980 | Temple   | Entered the Ecumenical Temple
  6015 | Temple   | Became a worshipper of Cheibriados the Contemplative
  6447 | D:6      | Reached skill level 8 in Spellcasting
  6908 | D:6      | Reached * piety under Cheibriados
  6941 | D:6      | Noticed a slime creature
  6941 | D:6      | Noticed a slime creature
  6941 | D:6      | Noticed a slime creature
  7000 | D:6      | Slain by a slime creature

Levels and vault maps discovered:
D:1:      wander_arrival_chamber, layout_basic, hangedman_decor_peaks_small,
          minivault_27
D:2:      layout_basic, nicolae_dithmenos_through_a_glass_darkly, uniq_natasha,
          uniq_robin
D:3:      layout_rooms, uniq_terence
D:4:      layout_loops_ring
D:5:      layout_cave_pools, first_ration, serial_shops,
          nicolae_shop_temple_entry_statues_fountains, uniq_edmund
D:6:      cheibrodos_fertilizer, layout_basic, minmay_temple_entry_crystal_x
Temple:   grunt_wide_crystal_templ

Skill      XL: |  1  2  3  4  5  6  7  8 |
---------------+-------------------------+-----
Necromancy     | 2 3 |  3.6
Transmutations | 2 3 |  3.6
Invocations    | 1 2 3 |  3.9
Fighting       | 1 2 3 |  3.5
Short Blades   | 1 2 3 |  3.5
Long Blades    | 1 2 3 |  3.5
Axes           | 1 2 3 |  3.5
Maces & Flails | 1 2 3 |  3.5
Polearms       | 1 2 3 |  3.5
Staves         | 1 2 3 |  3.5
Slings         | 1 2 3 |  3.5
Bows           | 1 2 3 |  3.5
Crossbows      | 1 2 3 |  3.5
Armour         | 1 2 3 |  3.5
Dodging        | 1 2 3 |  3.5
Stealth        | 1 2 3 |  3.5
Shields        | 1 2 3 |  3.5
Unarmed Combat | 1 2 3 |  3.5
Conjurations   | 1 2 |  2.9
Hexes          | 1 2 |  2.9
Charms         | 1 2 |  2.9
Summonings     | 1 2 |  2.9
Translocations | 1 2 |  2.9
Fire Magic     | 1 2 |  2.9
Ice Magic      | 1 2 |  2.9
Air Magic      | 1 2 |  2.9
Poison Magic   | 1 2 |  2.9
Throwing       | 3 4 |  4.4
Evocations     | 3 4 |  4.4
Earth Magic    | 6 |  6.2
Spellcasting   | 8 |  8.0

Action                   |  1- 3 |  4- 6 |  7- 9 || total
-------------------------+-------+-------+-------++-------
Melee: Dagger            |    55 |       |       ||    55
       Bite              |    22 |    12 |    37 ||    71
       Short sword       |    78 |   155 |   200 ||   433
Throw: Dart              |     2 |     9 |    11 ||    22
 Cast: Sandblast         |     5 |     5 |     6 ||    16
       Stone Arrow       |       |     4 |     9 ||    13
  Use: Scroll            |     2 |       |       ||     2
       Potion            |       |       |     7 ||     7
 Stab: Sleeping          |       |       |     1 ||     1
  Eat: Ration            |     1 |       |       ||     1
       Chunk             |     2 |     8 |     7 ||    17
Armor: Ring mail         |    37 |       |       ||    37
       Steam dragon scal |    45 |    50 |    71 ||   166
Dodge: Dodged            |    70 |    92 |   132 ||   294
Block: Buckler           |    10 |    28 |    53 ||    91

Table legend:
 A = Non-vault XP
 B = Vault XP
 C = Vault XP percentage of total XP
 D = Non-vault monster count
 E = Vault monster count
 F = Vault count percentage of total count
                 A         B        C        D         E       F
            +---------+---------+-------+---------+---------+-------
      Total |    1820 |     324 |  15.1 |      96 |      22 |  18.6
            +---------+---------+-------+---------+---------+-------
        D:1 |      25 |       2 |   7.4 |      13 |       1 |   7.1
        D:2 |      57 |      68 |  54.4 |      13 |      11 |  45.8
        D:3 |     107 |      36 |  25.2 |      29 |       1 |   3.3
        D:4 |     282 |       0 |   0.0 |      11 |       0 |   0.0
        D:5 |     483 |     158 |  24.6 |      13 |       1 |   7.1
        D:6 |     866 |      60 |   6.5 |      17 |       8 |  32.0
            +---------+---------+-------+---------+---------+-------
